 Dungeon Crawl Stone Soup version 0.27.1-37-g7b29ead8ac (console) character file.

Game seed: 6789204362997104835

5020 grimtooth the Covert (level 10, -8/50 HPs)
             Began as a Deep Elf Hedge Wizard on Sept 20, 2023.
             Was a Follower of Sif Muna.
             Mangled by a wyvern (13 damage)
             ... on level 8 of the Dungeon.
             The game lasted 00:59:16 (13113 turns).

grimtooth the Covert (Deep Elf Hedge Wizard)       Turns: 13113, Time: 00:59:17

Health: -8/50      AC:  7    Str:  7    XL:     10   Next: 30%
Magic:  15/25      EV: 12    Int: 35    God:    Sif Muna [*.....]
Gold:   475        SH:  0    Dex: 14    Spells: 15/27 levels left

rFire    + . .     SeeInvis .   a - +2 dagger (protect)
rCold    . . .     Faith    .   (no shield)
rNeg     . . .     Spirit   .   t - +2 robe {rF+}
rPois    .         Reflect  .   H - +0 helmet
rElec    .         Harm     .   s - +0 cloak
rCorr    .         Rampage  .   (no gloves)
Will     +....                  y - +0 pair of boots
Stlth    ++++......             (no amulet)
HPRegen  0.16/turn              l - +6 ring of intelligence
MPRegen  0.19/turn              r - +6 ring of intelligence

@: no status effects
A: no striking features
a: Renounce Religion, Channel Magic


You were on level 8 of the Dungeon.
You worshipped Sif Muna.
Sif Muna was aware of your devotion.
You visited 1 branch of the dungeon, and saw 9 of its levels.

You collected 475 gold pieces.

Inventory:

Hand Weapons
 a - a +2 dagger of protection (weapon)
 b - a +2 short sword of flaming
 d - a +2 dagger of draining
 K - a +0 dagger of venom
Missiles
 f - 51 stones
 u - 15 poisoned darts (quivered)
 C - 14 sling bullets
 F - 2 boomerangs of dispersal
Armour
 c - a +0 hat
 s - a +0 cloak (worn)
 t - a +2 robe of fire resistance (worn)
 y - a +0 pair of boots (worn)
 z - a +1 leather armour of cold resistance
 H - a +0 helmet (worn)
Magical Staves
 w - a staff of air
 E - a staff of poison
Jewellery
 l - a +6 ring of intelligence (left hand)
 r - a +6 ring of intelligence (right hand)
 A - a ring of magical power
 I - the ring "Qeojieme" {Fly EV+4}
   (You took it off a kobold on level 4 of the Dungeon)

   [ring of evasion]

   EV:        It affects your evasion (+4).
   Fly:       It grants you flight.
Wands
 B - a wand of digging (6)
 G - a wand of flame (16)
Scrolls
 e - a scroll of magic mapping
 g - 3 scrolls of amnesia {unknown}
 h - 4 scrolls of teleportation
 k - 3 scrolls of blinking {unknown}
 n - 3 scrolls of immolation
 q - a scroll of holy word {unknown}
 v - a scroll of vulnerability {unknown}
 x - 2 scrolls of enchant weapon {unknown}
Potions
 i - 2 potions of might
 j - 4 potions of curing
 m - 2 potions of lignification
 o - a potion of flight {unknown}
 p - a potion of magic
 D - a potion of attraction
 J - a potion of berserk rage {unknown}
 L - a potion of mutation {unknown}


   Skills:
 - Level 2.4 Dodging
 - Level 9.0 Stealth
 - Level 9.0 Spellcasting
 - Level 9.0 Conjurations
 - Level 6.0 Summonings
 - Level 3.0 Translocations
 - Level 3.0 Fire Magic
 + Level 1.4 Air Magic
 - Level 6.0 Earth Magic
 + Level 1.6 Poison Magic
 + Level 2.1 Invocations


You had 15 spell levels left.
You knew the following spells:

 Your Spells              Type           Power      Damage    Failure   Level
a - Sandblast             Erth           100%       2d20      1%          1
b - Conjure Flame         Conj/Fire      55%        6-21      1%          3
c - Mephitic Cloud        Conj/Pois/Air  43%        N/A       1%          3
k - Blink                 Tloc           N/A        N/A       1%          2
r - Magic Dart            Conj           100%       1d8       1%          1
P - Call Imp              Summ           55%        N/A       1%          2

Your spell library contained the following spells:

 Spells                   Type           Power      Damage    Failure   Level
 Passwall                 Tmut/Erth      30%        N/A       1%          2
 Static Discharge         Conj/Air       51%        N/A       1%          2
 Animate Skeleton         Necr           30%        N/A       2%          1
 Freeze                   Ice            60%        1d8       2%          1
 Pain                     Necr           60%        1d7       2%          1
 Sticky Flame             Conj/Fire      55%        2d7       2%          4
 Slow                     Hex            15%        N/A       4%          2
 Inner Flame              Hex/Fire       26%        N/A       4%          3
 Hailstorm                Conj/Ice       47%        3d11      4%          4
 Lee's Rapid Deconstruct  Erth           27%        3d16*     6%          5
 Frozen Ramparts          Ice            30%        1d5       9%          3
 Vampiric Draining        Necr           7%         2d7       9%          3
 Cause Fear               Hex            7%         N/A       26%         4
 Dispel Undead            Necr           15%        3d10      26%         4
 Discord                  Hex            7%         N/A       100%        8


Dungeon Overview and Level Annotations

Branches:
Dungeon (9/15)             Temple (0/1) D:6
   Lair: D:8-11         Orc: D:9-12

Altars:
Cheibriados
Fedhas
Hepliaklqana
Makhleb
Nemelex Xobeh
Qazlal
Sif Muna
Uskayaw
Yredelemnul
Zin
Jiyva

Shops:
D:4 [

Annotations:
D:7 exclusion: upstairs
D:8 3 runed translucent doors, exclusion: zombie, grimtooth's ghost, novice DsAK
D:9 exclusions: human and troll


Message History

The wyvern is moderately wounded.
f - 52 stones
Casting: Sandblast (safe; 1% risk of failure)
Confirm with . or Enter, or press ? or * to list all spells.
You blink.
Casting: Blink (safe; 1% risk of failure)
Confirm with . or Enter, or press ? or * to list all spells.
Aiming: Magic Dart (safe; 1% risk of failure)
Press: ? - help, Shift-Dir - straight line, f/p - wyvern
Aim: a wyvern (moderately wounded, 100% to hit)
The magic dart hits the wyvern but does no damage.
The wyvern is moderately wounded.
Casting: Magic Dart (safe; 1% risk of failure)
Confirm with . or Enter, or press ? or * to list all spells.
Aiming: Sandblast (safe; 1% risk of failure)
Press: ? - help, Shift-Dir - straight line, f/p - wyvern
Aim: a wyvern (moderately wounded, 84% to hit)
The blast of sand hits the wyvern.
The wyvern is moderately wounded.
f - 51 stones The wyvern bites you!
* * * LOW HITPOINT WARNING * * *
Casting: Sandblast (safe; 1% risk of failure)
Confirm with . or Enter, or press ? or * to list all spells.
You blink.
Okay, then.
Okay, then.
Okay, then.
Enter note: - not good
Press: ? - help, v - describe, . - travel
Here: a wyvern (moderately wounded)
The floor.
Okay, then.
Casting: Blink (safe; 1% risk of failure)
Confirm with . or Enter, or press ? or * to list all spells.
You blink.
Casting: Blink (safe; 1% risk of failure)
Confirm with . or Enter, or press ? or * to list all spells.
You blink.
The wyvern bites you!
You die...

#.............)........#
..#...........####.....#
#.............. #......
##..#...........###8.8...
#.$..............[#..##.#
##..#................#..#
#....................<..#
###...##..............###..
#.....#...................#
###...>...................#
#.......@..$.............
#......l........8........
#....§...................
##...[.§../........#.....
#####...........#.......
###...................
#............. #......
#.......P..... .......
#######...P....... ..#.#...
#....)..#(....##.M.##....#.
#.#######......##.###......


You could see a wyvern.

Vanquished Creatures
  Harold (D:8)
  Pikel (D:7)
  A hornet (D:6)
  Grinder (D:4)
  A wraith (D:7)
  Sigmund (D:4)
  A wyvern (D:9)
  2 steam dragons (D:7)
  3 vampire mosquitoes
  Edmund (D:4)
  A water moccasin (D:9)
  3 necrophages (D:8)
  2 ice beasts (D:5)
  A centaur (D:7)
  Blork the orc (D:4)
  A kobold brigand (D:7)
  3 bullfrogs
  A scorpion (D:6)
  6 killer bees (D:9)
  3 howler monkeys
  2 wights (D:8)
  A centaur zombie (D:8)
  3 orc priests
  A hound (D:6)
  A jelly (D:7)
  A bullfrog skeleton (D:5)
  An iguana (D:7)
  3 orc wizards
  A killer bee zombie (D:8)
  3 mummies (D:8)
  Robin (D:4)
  A gnoll (D:4)
  A howler monkey skeleton (D:7)
  6 adders
  A shadow imp (D:7)
  An adder zombie (D:5)
  A worm (D:2)
  2 dart slugs
  11 orcs
  4 endoplasms
  3 giant cockroaches
  9 goblins
  5 hobgoblins
  5 jackals
  10 kobolds
  3 quokkas
  7 ball pythons
  3 bats
  3 frilled lizards
  A quokka skeleton (D:4)
  3 rats (D:3)
133 creatures vanquished.

Vanquished Creatures (collateral kills)
  A wyvern (D:9)
  A vampire mosquito (D:5)
  A water moccasin (D:4)
  A black bear (D:5)
  A necrophage (D:5)
  4 scorpions
  A hound (D:5)
  An orc priest (D:6)
  An iguana (D:5)
  An orc wizard (D:6)
  An adder (D:3)
  4 orcs
  2 hobgoblins
  A jackal (D:4)
21 creatures vanquished.

Vanquished Creatures (others)
  An orc (D:7)
  A plant (D:9)
  A withered plant (D:8)
3 creatures vanquished.

Grand Total: 157 creatures vanquished

Notes
Turn   | Place    | Note
-------+----------+-------------------------------------------
     0 | D:1      | grimtooth the Deep Elf Hedge Wizard began the quest for the
                  | Orb.
     0 | D:1      | Reached XP level 1. HP: 10/10 MP: 7/7
   300 | D:1      | Reached XP level 2. HP: 15/15 MP: 7/9
  1007 | D:2      | Found a faded altar of an unknown god.
  1047 | D:2      | Reached XP level 3. HP: 8/19 MP: 4/10
  2466 | D:3      | Learned a level 1 spell: Sandblast
  2466 | D:3      | - sandblast where did you come from
  2469 | D:3      | Learned a level 2 spell: Call Imp
  2642 | D:3      | Reached XP level 4. HP: 12/24 MP: 7/12
  3476 | D:3      | Found a hazy altar of Hepliaklqana.
  3477 | D:3      | Found a snail-covered altar of Cheibriados.
  3698 | D:3      | Found a sparkling altar of Nemelex Xobeh.
  4366 | D:4      | Noticed a water moccasin
  4387 | D:4      | Killed a water moccasin
  4388 | D:4      | Reached XP level 5. HP: 25/28 MP: 2/13
  4496 | D:4      | Found a burning altar of Makhleb.
  4497 | D:4      | Noticed Edmund
  4531 | D:4      | Noticed Sigmund
  4561 | D:4      | Noticed Grinder
  4600 | D:4      | Found Jiemm's Armour Shoppe.
  4642 | D:4      | Noticed Blork the orc
  4679 | D:4      | Reached skill level 5 in Stealth
  4679 | D:4      | Reached skill level 5 in Conjurations
  4897 | D:4      | Identified the ring "Qeojieme" {Fly EV+4}
  5110 | D:4      | Killed Blork the orc
  5111 | D:4      | Reached XP level 6. HP: 20/32 MP: 7/14
  5303 | D:4      | Learned a level 2 spell: Blink
  5304 | D:5      | Entered Level 5 of the Dungeon
  5609 | D:5      | Noticed an ice beast
  5617 | D:5      | Found a blossoming altar of Fedhas.
  5721 | D:5      | Noticed an ice beast
  6231 | D:5      | Reached XP level 7. HP: 32/36 MP: 10/15
  6632 | D:5      | Reached skill level 5 in Summonings
  6883 | D:6      | Found a shimmering blue altar of Sif Muna.
  6900 | D:6      | Noticed a hornet
  6976 | D:6      | - hexcess...
  7040 | D:6      | Found a staircase to the Ecumenical Temple.
  7071 | D:6      | Noticed a vampire mosquito
  8242 | D:7      | Noticed a steam dragon
  8267 | D:7      | Noticed a wraith
  8273 | D:7      | Reached skill level 5 in Spellcasting
  8521 | D:7      | You are sucked into a shaft and drop 2 floors!
  8522 | D:9      | Noticed a wyvern
  8550 | D:9      | Found a basalt altar of Yredelemnul.
  8553 | D:9      | Killed a wyvern
  8554 | D:9      | Reached skill level 1 in Earth Magic
  8554 | D:9      | Reached XP level 8. HP: 19/41 MP: 3/18
  8745 | D:8      | Noticed Harold
  8751 | D:8      | Found a stormy altar of Qazlal.
  8814 | D:8      | Learned a level 3 spell: Conjure Flame
  8818 | D:8      | Learned a level 3 spell: Mephitic Cloud
  9044 | D:7      | Noticed Pikel
  9077 | D:7      | Killed Pikel
  9262 | D:4      | Killed Grinder
  9635 | D:4      | Noticed Robin
  9640 | D:4      | Killed Robin
  9764 | D:4      | Killed Edmund
  9765 | D:4      | Reached skill level 5 in Earth Magic
  9817 | D:4      | Killed Sigmund
  9818 | D:4      | Reached XP level 9. HP: 45/45 MP: 17/22
 10624 | D:6      | Became a worshipper of Sif Muna the Loreminder
 10730 | D:7      | Found a hide-covered altar of Uskayaw.
 11553 | D:6      | Noticed a rust devil
 11553 | D:6      | Noticed a rust devil
 11599 | D:8      | Reached * piety under Sif Muna
 11662 | D:8      | Found a glowing silver altar of Zin.
 11679 | D:8      | Found a runed translucent gate.
 11680 | D:8      | Found a runed translucent gate.
 11683 | D:8      | Found a runed translucent gate.
 11686 | D:8      | Found a viscous altar of Jiyva.
 11686 | D:8      | Noticed grimtooth's ghost (novice DsAK)
 11951 | D:8      | Killed Harold
 11952 | D:8      | Reached XP level 10. HP: 20/50 MP: 16/25
 12071 | D:9      | Reached skill level 1 in Invocations
 12591 | D:9      | Reached skill level 1 in Poison Magic
 12592 | D:9      | Reached skill level 1 in Air Magic
 13112 | D:8      | - not good
 13113 | D:8      | Mangled by a wyvern

Illustrated notes .S. #.# #.# #.# #.# #.# #.# ####.#### #...@...####.# #.##.##..†...## #. #.##.###...... #.##........##### #.#####†###### ##.#####<.....# ........###...# #.####### #...# #.####### #...# # #...g...# #...# ..###.#.#####.# #...# ##### Turn 2466 on D:3: - sandblast where did you come from .......#...'............... .......#####.......###+###. ###...............## ..#...............+# ..#................+ ..#...............## ..##'####'####....# .............#....# .............'....# ..##..####...#....#####. '###### #...###@....... .. ...... +........ ... .........#........ .... ...##..####...$.$.. ####.... #..# ..#+##### ... #.. ..# s. ..# ...# Turn 6976 on D:6: - hexcess...

..#...........####.....
#.............. #.....
##..#...........###8.8..
#.$..............[#..##.
##..#................#..
#....................<..
###...##..............###.
#.....#...................
###...>...................
#..........$............
#....l.@........8.......
#....§..................
##...[..../........#....
#####...........#......
###..................
#............. #.....
#.......P..... ......
#######...P....... ..#.#..
#....)..#(....##.M.##....#
#.#######......##.###.....
#.# #....#.........8z.


Turn 13112 on D:8: - not good

Levels and vault maps discovered:
D:1:      co_arrival_square_in_a_square_in_a_square, layout_loops_cross,
          st_stairs_9
D:2:      layout_basic, basic_ecumenical_altar
D:3:      layout_loops_cross, mainiacjoe_overflow_alcove_1,
          gammafunk_temple_overflow_pools
D:4:      layout_basic, mainiacjoe_overflow_24_doors, serial_shops, shop,
          minmay_cut_off, uniq_grinder, uniq_robin, uniq_blork_the_orc,
          uniq_edmund, uniq_sigmund
D:5:      layout_rooms, overflow_temple_1_default, wad_rectangle_vault
D:6:      cheibrodos_iron_armory, layout_gridville,
          nicolae_overflow_crystal_walls, minmay_temple_entry_hall
D:7:      layout_loops_cross, nicolae_uskayaw_dance_hall, uniq_pikel
D:8:      layout_cave_pools, mainiacjoe_overflow_paths,
          mainiacjoe_overflow_boulevard, serial_undead, serial_undead_b,
          serial_undead_a, serial_undead_b, serial_undead_e, serial_undead_f,
          serial_undead_e, serial_undead_d, serial_undead_e,
          gammafunk_ghost_ooze, uniq_harold
D:9:      layout_loops_ring, old_standard_altar, serial_bayou_pond_c,
          minmay_ruffians

Skill      XL: |  1  2  3  4  5  6  7  8  9 10 |
---------------+-------------------------------+-----
Conjurations   | 2 3 4 5 6 9 |  9.0
Stealth        | 3 4 5 6 7 9 |  9.0
Summonings     | 3 6 |  6.0
Spellcasting   | 5 7 9 |  9.0
Earth Magic    | 1 5 6 |  6.0
Translocations | 3 |  3.0
Fire Magic     | 2 3 |  3.0
Invocations    | 2 |  2.1
Poison Magic   | 1 |  1.6
Air Magic      | 1 |  1.4
Dodging        | |  2.4

Action                   |  1- 3 |  4- 6 |  7- 9 | 10-12 || total
-------------------------+-------+-------+-------+-------++-------
Melee: Dagger            |     8 |    69 |    67 |     8 ||   152
Throw: Dart              |       |     4 |     4 |       ||     8
 Cast: Magic Dart        |    95 |    25 |    78 |     2 ||   200
       Sandblast         |     2 |    20 |    93 |    13 ||   128
       Call Imp          |       |    35 |    39 |     7 ||    81
       Mephitic Cloud    |       |       |     6 |     1 ||     7
       Blink             |       |       |     4 |     6 ||    10
       Conjure Flame     |       |       |     3 |       ||     3
  Use: Scroll            |     2 |     1 |     6 |       ||     9
       Potion            |       |     2 |       |     1 ||     3
 Stab: Sleeping          |     1 |       |     7 |     4 ||    12
       Confused          |       |       |     1 |     1 ||     2
Armor: Robe              |     3 |    34 |    33 |     7 ||    77
Dodge: Dodged            |    13 |    64 |    86 |    15 ||   178
